 Dungeon Crawl Stone Soup version 0.30-a0-702-gdf48620a09 (webtiles) character file.

Game seed: 6288049996260163272

182 bande the Shield-Bearer (level 5, -9/33 HPs)
             Began as a Gargoyle Fighter on Jan 22, 2023.
             Mangled by an ogre
             ... wielding a +0 giant club
              (21 damage)
             ... on level 4 of the Dungeon.
             The game lasted 00:03:38 (3563 turns).

bande the Shield-Bearer (Gargoyle Fighter)          Turns: 3563, Time: 00:03:39

Health: -9/33      AC: 11    Str: 19    XL:     5   Next: 62%
Magic:  5/5        EV:  9    Int:  9    God:
Gold:   188        SH:  5    Dex: 11    Spells: 4/4 levels left

rFire   . . .      SeeInvis .    a - +1 war axe
rCold   . . .      Faith    .    c - +0 buckler
rNeg    + . .      Spirit   .    b - +0 scale mail
rPois   ∞          Reflect  .    (no helmet)
rElec   +          Harm     .    (no cloak)
rCorr   .          Rampage  .    (no gloves)
Will    .....                    (no boots) Stlth
                                 (no amulet)
HPRegen 0.25/turn                (no ring)
MPRegen 0.09/turn                (no ring)

@: no status effects
A: sickness immunity, AC +4, negative energy resistance 1, electricity
resistance, torment resistance 1, petrification resistance
a: no special abilities


You were on level 4 of the Dungeon.
You visited 1 branch of the dungeon, and saw 4 of its levels.

You collected 188 gold pieces.

Inventory:

Hand Weapons
 a - a +1 war axe (weapon)
Armour
 b - a +0 scale mail (worn)
 c - a +0 buckler (worn)
Jewellery
 k - a +4 ring of protection
 m - a +4 ring of protection
Wands
 l - a wand of iceblast (11)
Scrolls
 g - 3 scrolls of enchant weapon
 h - 4 scrolls of identify
 o - 2 scrolls of teleportation
Potions
 d - 3 potions of might
 e - 2 potions of heal wounds
 f - a potion of magic {unknown}
 i - a potion of brilliance
 j - 2 potions of curing


   Skills:
 + Level 3.9 Fighting
 + Level 3.1 Axes
 + Level 4.3 Armour
 + Level 0.1 Stealth
 + Level 4.6 Shields


You had 4 spell levels left.
You didn't know any spells.
Your spell library contained the following spells:

 Spells                   Type           Power      Damage    Failure   Level
 Hailstorm                Conj/Ice       0%         3d3       99%         3
 Kindle Blastsparks       Fire/Tloc/Air  0%         2d10      99%         3
 Ozocubu's Armour         Ice            0%         N/A       99%         3
 Fulminant Prism          Conj/Hex       0%         3d5       100%        4
 Iskenderun's Mystic Bla  Conj/Tloc      0%         2d3       100%        4
 Passage of Golubria      Tloc           0%         N/A       100%        4
 Blade Hands              Tmut           0%         N/A       100%        5
 Irradiate                Conj/Tmut      0%         3d11      100%        5
 Lee's Rapid Deconstruct  Erth           0%         3d4*      100%        5
 Dragon Form              Tmut           0%         N/A       100%        7


Dungeon Overview and Level Annotations

Branches:
Dungeon (4/15)             Temple (0/1) D:4

Altars:
Sif Muna


Innate Abilities, Weirdness & Mutations

You are immune to sickness and miasma.
Your stone body is resilient. (AC +4)
You are immune to poison.
You resist negative energy. (rN+)
You are resistant to electric shocks. (rElec)
You are resistant to unholy torment.
You are immune to petrification.


Message History

There is a stone staircase leading down here.
f - a silvery potion You now have 183 gold pieces (gained 3).
l - a wand of iceblast (11) No target in view!
You now have 188 gold pieces (gained 5).
An ogre comes into view. It is wielding a +0 giant club.
The ogre shouts!
An ogre is nearby!
Found a staircase to the Ecumenical Temple.
You hear the slow hiss of a distant avalanche of sand.
The ogre closely misses you.
You hit the ogre.
The ogre is moderately wounded.
You barely miss the ogre.
The ogre is moderately wounded.
The ogre hits you with a +0 giant club!!
Ouch! That really hurt!
You are too injured to fight recklessly!
You are too injured to fight recklessly!
You are too injured to fight recklessly!
You are too injured to fight recklessly!
You are too injured to fight recklessly!
You are too injured to fight recklessly!
You are too injured to fight recklessly!
You are too injured to fight recklessly!
You are too injured to fight recklessly!
You hit the ogre.
The ogre is heavily wounded.
The ogre barely misses you.
A hobgoblin comes into view.
The hobgoblin shouts!
You slash the ogre!
The ogre is severely wounded.
The ogre barely misses you.
You hit the ogre.
The ogre is almost dead.
The ogre hits you with a +0 giant club!!
Ouch! That really hurt!
You die...

.... ......# ...#
#......# ...### ....
#......#......# .....
#......#....#.## .....
....... .......
....#####..#.##O...#
...........#..@.##.#.#
#.........#........
#.........#.##.#.##
##...###........# ##
#....#...##.#.#...# ..
#...........#.# >.#
..###.........#....
...
..............#....#
.#
........####....##.# #


You could see an ogre.

Vanquished Creatures
  Natasha (thrice) (D:2)
  7 adders
  An orc (D:3)
  5 endoplasms
  2 giant cockroaches (D:1)
  4 hobgoblins
  3 jackals (D:2)
  6 kobolds
  4 ball pythons
  8 bats
  2 frilled lizards
  5 rats
50 creatures vanquished.

Notes
Turn   | Place    | Note
-------+----------+-------------------------------------------
     0 | D:1      | bande the Gargoyle Fighter began the quest for the Orb.
     0 | D:1      | Reached XP level 1. HP: 14/14 MP: 1/1
   209 | D:1      | Reached XP level 2. HP: 19/19 MP: 2/2
   313 | D:1      | Got Wuaciur's Quarto of Locality and Cold
   616 | D:2      | Reached XP level 3. HP: 23/23 MP: 3/3
   673 | D:2      | Found a shimmering blue altar of Sif Muna.
   966 | D:2      | Noticed Natasha
   977 | D:2      | Killed Natasha
   978 | D:2      | Reached XP level 4. HP: 18/29 MP: 4/4
  1936 | D:2      | Noticed Natasha
  1943 | D:2      | HP: 1/29 [Natasha/magic dart (3)]
  1944 | D:2      | Killed Natasha
  1945 | D:2      | Reached XP level 5. HP: 2/33 MP: 5/5
  2540 | D:2      | Noticed Natasha
  2558 | D:2      | Killed Natasha
  3555 | D:4      | Noticed an ogre
  3556 | D:4      | Found a staircase to the Ecumenical Temple.
  3563 | D:4      | Mangled by an ogre

Illustrated notes

Levels and vault maps discovered:
D:1:      lemuel_arrival_river_ford, layout_basic
D:2:      layout_basic, basic_altar, kennysheep_generic_room_16, uniq_natasha
D:3:      layout_basic
D:4:      layout_basic, grunt_nemelex_the_gamble, minmay_temple_entry_ruins,
          lightli_ossuary_entry_decrepit_ruins, uniq_pikel, uniq_blork_the_orc

Skill      XL: |  1  2  3  4  5 |
---------------+----------------+-----
Axes           | 2 3 |  3.1
Shields        | 4 |  4.6
Armour         | 4 |  4.3
Fighting       | |  3.9
Stealth        | |  0.1

Action                   |  1- 3 |  4- 6 || total
-------------------------+-------+-------++-------
Melee: War axe           |    63 |   112 ||   175
  Use: Scroll            |       |     9 ||     9
Armor: Scale mail        |    35 |    81 ||   116
Dodge: Dodged            |    36 |    74 ||   110
Block: Buckler           |    23 |    27 ||    50

Table legend: (Time is in decaauts)
 A = Elapsed time spent in this place.
 B = Non-inter-level travel time spent in this place.
 C = Inter-level travel time spent in this place.
 D = Time resting spent in this place.
 E = Time spent auto-exploring this place.
 F = Levels seen in this place.
 G = Mean time per level.
                   A        B        C        D        E       F      G
               +--------+--------+--------+--------+--------+-----+--------+
         Total |   3662 |   3550 |    112 |    701 |   2185 |   4 |  915.5 |
       Dungeon |   3662 |   3550 |    112 |    701 |   2185 |   4 |  915.5 |
               +--------+--------+--------+--------+--------+-----+--------+

Top non-repeatable levels by time:
     D:2: 2161 daAuts
     D:3: 819 daAuts
     D:1: 624 daAuts
     D:4: 57 daAuts
